AoeStats
← Mr.Wölker

Lombardia

507546697Analyzed
2v2 RM · 14d ago on Sep 18, 2026· 35m 9s· 4 players
Game mode
Random Map
Map size
Medium (4 player)
Population
200
Speed
Normal
Resources
Standard
Victory
Conquest
Starting age
Dark Age
Ending age
Imperial Age
RankedLock teamsTeams togetherTeam positionsShared explorationLock speedFull tech treeHidden civsTurbo modeCheats
Victory
Defeat
🇺🇸 Portuguese · United States
1058
+17
🇵🇱 Japanese · Poland
1006
+19
🇸🇪 Lithuanians · Sweden
1119
-19
🇸🇪 Spanish · Sweden
1051
-17
JustSulls
10:52 Feudal Age
11:41 Horse Collar
11:47 Double-Bit Axe
12:03 Loom
15:26 Wheelbarrow
20:47 Castle Age
20:57 Gold Mining
21:03 Fletching
21:00 Crossbowman
22:06 Bodkin Arrow
23:19 Padded Archer Armor
24:24 Heavy Plow
29:53 Town Watch
30:54 Ballistics
31:07 Scale Barding Armor
31:41 Bow Saw
32:13 Chain Barding Armor
33:03 Forging
33:16 Bloodlines
34:26 Husbandry
a5892731
10:44 Feudal Age
9:51 Loom
12:24 Man-at-Arms
15:40 Arson
16:53 Horse Collar
20:33 Castle Age
18:56 Double-Bit Axe
21:05 Elite Skirmisher
21:39 Fletching
25:06 Scale Mail Armor
30:13 Pikeman
33:46 Chain Mail Armor
33:42 Forging
35:37 Iron Casting
36:00 Wheelbarrow
Mr.Wölker
11:18 Feudal Age
15:24 Castle Age
14:43 Loom
18:15 Double-Bit Axe
19:21 Horse Collar
27:29 Scale Barding Armor
27:54 Husbandry
28:07 Bloodlines
30:30 Chain Barding Armor
31:25 Husbandry
32:34 Forging
32:51 Gold Mining
33:37 Wheelbarrow
33:54 Fletching
erkipErki
5:14 Loom
10:03 Feudal Age
14:43 Castle Age
12:45 Double-Bit Axe
19:29 Bow Saw
19:00 Horse Collar
27:48 Bloodlines
28:44 Heavy Plow
29:44 Scale Barding Armor
32:26 Husbandry
31:57 Light Cavalry
33:27 Wheelbarrow
35:48 Chain Barding Armor
35:38 Forging
Connection lost

Rejoining the realm…

Still unreachable

The connection could not be restored.

Session expired

The server has moved on; the page needs a fresh start.